 Dungeon Crawl Stone Soup version 0.29-a0-330-g52719c12eb (webtiles) character file.

Game seed: 16552740107873959924

48 threed36 the Stinger (level 3, -2/26 HPs)
             Began as a Draconian Venom Mage on Apr 27, 2022.
             Killed from afar by Natasha (4 damage)
             ... with a magic dart
             ... on level 2 of the Dungeon.
             The game lasted 00:07:54 (2411 turns).

threed36 the Stinger (Draconian Venom Mage)         Turns: 2411, Time: 00:07:55

Health: -2/26      AC:  5    Str: 10    XL:     3   Next: 50%
Magic:  3/6        EV: 12    Int: 17    God:
Gold:   113        SH:  0    Dex: 11    Spells: 3/6 levels left

rFire   . . .      SeeInvis .   e - +0 whip
rCold   . . .      Faith    .   (no shield)
rNeg    . . .      Spirit   .   (body armour unavailable)
rPois   .          Reflect  .   (helmet restricted)
rElec   .          Harm     .   (no cloak)
rCorr   .          Rampage  .   (no gloves)
Will    .....                   (no boots)
Stlth   ++........              (no amulet)
HPRegen 0.08/turn               (no ring)
MPRegen 0.10/turn               (no ring)

@: very slightly contaminated
A: AC +5, unfitting armour, cold-blooded
a: no special abilities


You were on level 2 of the Dungeon.
You visited 1 branch of the dungeon, and saw 2 of its levels.

You collected 113 gold pieces.

Inventory:

Hand Weapons
 e - a +0 whip (weapon)
Missiles
 h - 4 poisoned darts
Scrolls
 d - a scroll of magic mapping {unknown}
 f - a scroll of holy word {unknown}
 i - a scroll of fog {unknown}
 j - a scroll of noise {unknown}
Potions
 a - a potion of magic
 b - 2 potions of might {unknown}
 c - 2 potions of heal wounds {unknown}
 g - 2 potions of haste {unknown}


   Skills:
 + Level 0.1 Fighting
 + Level 0.3 Maces & Flails
 + Level 2.2 Dodging
 + Level 2.0 Stealth
 + Level 0.2 Unarmed Combat
 + Level 2.3 Spellcasting
 + Level 1.2 Transmutations
 + Level 3.6 Poison Magic


You had 3 spell levels left.
You knew the following spells:

 Your Spells              Type           Power      Damage    Failure   Level
a - Sting                 Tmut/Pois      40%        1d5       7%          1
b - Poisonous Vapours     Pois/Air       16%        N/A       13%         2

Your spell library contained the following spells:

 Spells                   Type           Power      Damage    Failure   Level
 Mephitic Cloud           Conj/Pois/Air  6%         N/A       34%         3
 Olgreb's Toxic Radiance  Pois           14%        N/A       38%         4


Dungeon Overview and Level Annotations

Branches:
Dungeon (2/15)

Altars:

Annotations:
D:2 Natasha


Innate Abilities, Weirdness & Mutations

Your plain brown scales are hard. (AC +5)
You cannot fit into any form of body armour.
You are cold-blooded and may be slowed by cold attacks.


Message History

Aiming: Sting (safe; 7% risk of failure)
Press: ? - help, Shift-Dir - straight line, f - Natasha
Aim: Natasha (64% to hit)
The sting hits Natasha.
Natasha is poisoned.
Natasha is moderately wounded.
Natasha casts a spell.
Casting: Sting (safe; 7% risk of failure)
Confirm with . or Enter, or press ? or * to list all spells.
Aiming: Sting (safe; 7% risk of failure)
Press: ? - help, Shift-Dir - straight line, f/p - Natasha
Aim: Natasha (moderately wounded, poisoned, 64% to hit)
You miscast Sting.
You are very lightly contaminated with residual magic.
Nothing appears to happen.
Natasha closely misses you. The crimson imp hits you.
The crimson imp attacks as you move away!
The crimson imp closely misses you. Natasha casts a spell at you.
You resist with significant effort.
You see here a scroll labelled SUSHRA EKLAL.
You closely miss Natasha.
Natasha is moderately wounded.
Natasha barely misses you. The crimson imp barely misses you.
You hit Natasha.
Natasha is heavily wounded.
Natasha completely misses you. The crimson imp closely misses you.
You hit Natasha.
Natasha is severely wounded.
Natasha claws you. The crimson imp hits you.
* * * LOW HITPOINT WARNING * * *
You hit Natasha.
Natasha is severely wounded.
Natasha claws you.
* * * LOW HITPOINT WARNING * * *
The crimson imp misses you.
You hit Natasha but do no damage.
Natasha is almost dead.
Natasha casts a spell at you. The magic dart hits you.
You die...

#. #. ######. #......
#...... #......
#......## ## #.....h@#
#. ##....#5# ##### #.
#.####.#####...#######.
#>.........'.....[...'.
#.##########...#######.
+...+ ..... #...# ####.
##### ####. .....


You could see Natasha (poisoned) and a crimson imp (summoned).

Vanquished Creatures
  2 adders (D:2)
  A dart slug (D:2)
  5 endoplasms (D:1)
  2 goblins
  3 hobgoblins
  2 kobolds (D:1)
  3 ball pythons (D:1)
  3 bats (D:1)
  2 frilled lizards (D:1)
  2 rats (D:1)
25 creatures vanquished.

Notes
Turn   | Place    | Note
-------+----------+-------------------------------------------
     0 | D:1      | threed36 the Draconian Venom Mage began the quest for the
                  | Orb.
     0 | D:1      | Reached XP level 1. HP: 14/14 MP: 3/3
   507 | D:1      | Reached XP level 2. HP: 20/20 MP: 1/5
  1004 | D:1      | Learned a level 2 spell: Poisonous Vapours
  2157 | D:2      | Reached XP level 3. HP: 20/26 MP: 3/6
  2395 | D:2      | Noticed Natasha
  2410 | D:2      | HP: 1/26 [Natasha (5)]
  2411 | D:2      | Killed from afar by Natasha

Illustrated notes

Levels and vault maps discovered:
D:1:      minmay_arrival_wavy_path, layout_basic
D:2:      layout_basic, uniq_natasha

Skill      XL: |  1  2  3 |
---------------+----------+-----
Dodging        | 2 |  2.2
Stealth        | 2 |  2.0
Fighting       | |  0.1
Maces & Flails | |  0.3
Unarmed Combat | |  0.2
Spellcasting   | |  2.3
Transmutations | |  1.2
Poison Magic   | |  3.6

Action                   || total
-------------------------++-------
Melee: Unarmed           ||    21
       Tailslap          ||     8
       Whip              ||    29
 Cast: Sting             ||    39
       Poisonous Vapours ||     1
Armor: Skin              ||    35
Dodge: Dodged            ||    56

Table legend: (Time is in decaauts)
 A = Elapsed time spent in this place.
 B = Non-inter-level travel time spent in this place.
 C = Inter-level travel time spent in this place.
 D = Time resting spent in this place.
 E = Time spent auto-exploring this place.
 F = Levels seen in this place.
 G = Mean time per level.
                   A        B        C        D        E       F      G
               +--------+--------+--------+--------+--------+-----+--------+
         Total |   2418 |   2418 |      0 |   1017 |      0 |   2 | 1209.0 |
       Dungeon |   2418 |   2418 |      0 |   1017 |      0 |   2 | 1209.0 |
               +--------+--------+--------+--------+--------+-----+--------+

Top non-repeatable levels by time:
     D:1: 2048 daAuts
     D:2: 369 daAuts
